 Dungeon Crawl Stone Soup version 0.21-a0-405-gf2af9a1 (webtiles) character file.

1603 superterranean the Grappler (level 8, -3/74 HPs)
             Began as a Troll Fighter on Nov 1, 2017.
             Slain by an ogre
             ... wielding a +0 giant club
              (12 damage)
             ... on level 7 of the Dungeon.
             The game lasted 00:08:01 (3747 turns).

superterranean the Grappler (Troll Fighter)         Turns: 3747, Time: 00:08:01

Health: -3/74      AC:  8    Str: 26    XL:     8   Next: 62%
Magic:  7/7        EV: 15    Int:  4    God:
Gold:   338        SH: 11    Dex: 15    Spells: 7/7 levels left

rFire    . . .     SeeInvis .     - Unarmed
rCold    . . .     Gourm    +   b - +0 shield
rNeg     . . .     Faith    .   a - +0 robe
rPois    +         Spirit   .   (helmet restricted)
rElec    .         Reflect  .   (no cloak)
rCorr    .         Harm     .   (gloves unavailable)
MR       .....                  (boots unavailable)
Stlth    ++........             j - amulet of rage
HPRegen  0.62/turn              A - +3 ring of protection
MPRegen  0.10/turn              w - ring of poison resistance

@: agile
A: unfitting armour, claws 3, fast metabolism 3, gourmand, regeneration 1,
shaggy fur 1, tough skin 2
a: Evoke Berserk Rage


You were on level 7 of the Dungeon.
You were very full.

You visited 1 branch of the dungeon, and saw 7 of its levels.

You collected 338 gold pieces.

Inventory:

Armour
 a - a +0 robe (worn)
 b - a +0 shield (worn)
Jewellery
 j - an amulet of rage (around neck)
 k - a +3 ring of intelligence
 o - an uncursed ring of protection from cold
 p - a +3 ring of strength
 r - an uncursed ring of protection from cold
 s - an uncursed amulet of inaccuracy
 w - a ring of poison resistance (right claw)
 A - a +3 ring of protection (left claw)
 C - an uncursed ring of wizardry
 D - an uncursed ring of wizardry
 G - an uncursed ring of resist corrosion {unknown}
Wands
 l - a wand of random effects (32/48)
 x - a wand of digging (12/24)
Scrolls
 e - 3 scrolls of fear {unknown}
 f - 2 scrolls of teleportation {unknown}
 g - 4 scrolls of remove curse
 q - a scroll of enchant armour {unknown}
 u - 2 scrolls of amnesia {unknown}
 v - 3 scrolls of identify {unknown}
 y - a scroll of fog {unknown}
 E - a scroll of blinking {unknown}
Potions
 c - a potion of might
 h - a potion of curing
 i - 2 potions of agility
 m - a potion of heal wounds {unknown}
 n - 2 potions of lignification {unknown}
 z - a potion of berserk rage {unknown}
 B - a potion of magic {unknown}
 F - a potion of ambrosia {unknown}
Comestibles
 d - 5 bread rations
 t - a meat ration


   Skills:
 - Level 2.4 Fighting
 - Level 2.4 Dodging
 + Level 6.9 Shields
 + Level 8.0 Unarmed Combat


You had 7 spell levels left.
You didn't know any spells.

Dungeon Overview and Level Annotations

Branches:
Dungeon (7/15)
 Temple: D:4-7

Altars:
Elyvilon
Kikubaaqudgha
Nemelex Xobeh
Uskayaw
Vehumet


Innate Abilities, Weirdness & Mutations

You are too large for most types of armour.
You have claws for hands.
Your metabolism is lightning-fast.
You like to eat raw meat.
Your natural rate of healing is unusually fast.
You are covered in fur. (AC +1)
You have very tough skin. (AC +2)


Message History

The killer bee closely misses you. You block the killer bee's attack.
You claw the killer bee!
You kill the killer bee!
Your Unarmed Combat skill increases to level 8!
You scratch the ogre.
The ogre is lightly wounded.
The ogre hits you with a giant club!
* * * LOW HITPOINT WARNING * * *
You claw the ogre!
The ogre is severely wounded.
The ogre misses you.
You scratch the ogre.
The ogre is almost dead.
You barely miss the ogre.
The ogre is almost dead.
The ogre closely misses you.
You closely miss the ogre.
The ogre is almost dead.
The ogre hits you with a giant club!
You die...

## ..% ###.#
#####.#.#
........#
........#
........#######
.......JO@....##
.......a#####<.#
..........###..#
........#yy.#..#
........#........
###.#####...###..
#. ...... ..# #
#####y...# .#...


You could see an ogre, a jelly and a worker ant.

Vanquished Creatures
  2 slaves (D:4)
  An orc warrior (D:7)
  A sky beast (D:6)
  An ice beast (D:5)
  An ogre (D:6)
  The ghost of isock the Chiller, an amateur GnWn (D:3)
  2 bullfrogs
  6 killer bees (D:7)
  2 howler monkeys
  2 crimson imps
  3 hounds
  A quasit (D:7)
  A bullfrog skeleton (D:6)
  A gnoll shaman (D:5)
  3 orc priests
  Jessica (D:2)
  Terence (D:2)
  An orc wizard (D:5)
  3 worker ants
  A hound zombie (D:6)
  3 gnolls (D:5)
  4 adders
  A shadow imp (D:5)
  An ooze (D:5)
  2 adder skeletons (D:4)
  2 worms
  3 dart slugs
  3 leopard geckos
  14 orcs
  3 giant cockroaches
  3 goblins
  4 hobgoblins
  9 jackals
  8 kobolds
  4 quokkas
  3 ball pythons
  8 bats
  7 frilled lizards
  A quokka skeleton (D:4)
  7 rats
125 creatures vanquished.

Vanquished Creatures (others)
  A bat (D:2)
1 creature vanquished.

Grand Total: 126 creatures vanquished

Notes
Turn   | Place    | Note
-------+----------+-------------------------------------------
     0 | D:1      | superterranean the Troll Fighter began the quest for the Orb.
     0 | D:1      | Reached XP level 1. HP: 22/22 MP: 0/0
   187 | D:1      | Reached XP level 2. HP: 29/29 MP: 1/1
   632 | D:2      | Noticed Terence
   646 | D:2      | Killed Terence
   646 | D:2      | Reached skill level 3 in Unarmed Combat
   646 | D:2      | Reached XP level 3. HP: 27/36 MP: 2/2
   724 | D:2      | Noticed Jessica
   733 | D:2      | Killed Jessica
   733 | D:2      | Reached XP level 4. HP: 44/44 MP: 3/3
  1194 | D:3      | Noticed isock's ghost (amateur GnWn)
  1204 | D:3      | Killed isock's ghost
  1204 | D:3      | Reached skill level 4 in Unarmed Combat
  1204 | D:3      | Reached XP level 5. HP: 50/50 MP: 4/4
  1746 | D:4      | Reached XP level 6. HP: 38/59 MP: 5/5
  1786 | D:4      | Found an ancient bone altar of Kikubaaqudgha.
  1788 | D:4      | Found a radiant altar of Vehumet.
  2010 | D:4      | Noticed a slave
  2011 | D:4      | Noticed a slave
  2057 | D:4      | Killed a slave
  2070 | D:4      | Killed a slave
  2189 | D:4      | Reached skill level 5 in Unarmed Combat
  2344 | D:5      | Entered Level 5 of the Dungeon
  2355 | D:5      | Noticed an ice beast
  2461 | D:5      | Found a sparkling altar of Nemelex Xobeh.
  2483 | D:5      | Reached skill level 5 in Shields
  2492 | D:5      | Killed an ice beast
  2492 | D:5      | Reached XP level 7. HP: 42/66 MP: 6/6
  2508 | D:5      | Reached skill level 6 in Unarmed Combat
  2602 | D:5      | Found a hide-covered altar of Uskayaw.
  2694 | D:5      | Found a white marble altar of Elyvilon.
  3133 | D:6      | Reached XP level 8. HP: 51/74 MP: 7/7
  3163 | D:6      | Reached skill level 7 in Unarmed Combat
  3742 | D:7      | Reached skill level 8 in Unarmed Combat
  3747 | D:7      | Slain by an ogre

Vault maps used:
D:1:      dpeg_arrival_arbitrary_c
D:2:      hangedman_decor_clover_reticule, uniq_jessica, uniq_terence
D:4:      chequers_temple_overflow_statue_of_worship, uniq_pikel
D:5:      nemelex_xobeh_ov_fountains_minmay, kennysheep_mini_moat,
          overflow_temple_1_default, first_bread, minmay_fountain_box
D:7:      kennysheep_mini, okawaru_gym_becter, minmay_temple_entry_overgrown

Skill      XL: |  1  2  3  4  5  6  7  8 |
---------------+-------------------------+-----
Shields        | 3 4 5 6 |  6.9
Unarmed Combat | 3 4 5 6 8 |  8.0
Fighting       | |  2.4
Dodging        | |  2.4

Action                   |  1- 3 |  4- 6 |  7- 9 || total
-------------------------+-------+-------+-------++-------
Melee: Unarmed           |    87 |   230 |   157 ||   474
  Use: Scroll            |       |     1 |       ||     1
       Potion            |       |       |     2 ||     2
 Stab: Sleeping          |     1 |       |       ||     1
  Eat: Chunk             |    12 |    15 |    11 ||    38
Armor: Robe              |    26 |    73 |    36 ||   135
Dodge: Dodged            |    34 |    67 |    39 ||   140
Block: Shield            |    45 |   122 |    68 ||   235

Table legend:
 A = Spawn XP
 B = Non-spawn XP
 C = Spawn XP percentage of total XP
 D = Spawn monster count
 E = Non-spawn monster count
 F = Spawn count percentage of total count
 G = Total turns spent on level
                    A         B        C        D         E        F      G
               +---------+---------+-------+---------+---------+-------+---------
         Total |       0 |    2290 |   0.0 |       0 |     123 |   0.0 |  3747
               +---------+---------+-------+---------+---------+-------+---------
           D:1 |       0 |      27 |   0.0 |       0 |      16 |   0.0 |   600
           D:2 |       0 |      99 |   0.0 |       0 |      18 |   0.0 |   388
           D:3 |       0 |     176 |   0.0 |       0 |      23 |   0.0 |   655
           D:4 |       0 |     307 |   0.0 |       0 |      20 |   0.0 |   795
           D:5 |       0 |     531 |   0.0 |       0 |      24 |   0.0 |   546
           D:6 |       0 |     589 |   0.0 |       0 |      12 |   0.0 |   686
           D:7 |       0 |     561 |   0.0 |       0 |      10 |   0.0 |    77
               +---------+---------+-------+---------+---------+-------+---------
